AoeStats
← Jûb'Z

Arabia

508511514Analyzed
1v1 RM · 9d ago on Sep 22, 2026· 36m 24s· 2 players
Game mode
Random Map
Map size
Tiny (2 player)
Population
200
Speed
Normal
Resources
Standard
Victory
Conquest
Starting age
Dark Age
Ending age
Imperial Age
RankedLock teamsTeams togetherTeam positionsShared explorationLock speedFull tech treeHidden civsTurbo modeCheats
Victory
Defeat
🇺🇸 Franks · United States
411
+14
🇫🇷 Spanish · France
365
-14
Jûb'Z
10:41 Feudal Age
12:15 Double-Bit Axe
12:13 Horse Collar
12:32 Loom
21:11 Scale Barding Armor
23:38 Castle Age
22:03 Gold Mining
22:03 Stone Mining
23:51 Forging
23:55 Bloodlines
25:10 Husbandry
26:59 Bow Saw
28:54 Town Watch
31:50 Imperial Age
Factshunna
0:38 Loom
11:04 Feudal Age
14:30 Double-Bit Axe
15:50 Wheelbarrow
27:07 Castle Age
26:00 Stone Mining
26:01 Gold Mining
25:58 Man-at-Arms
26:24 Arson
27:29 Scale Mail Armor
27:40 Forging
28:41 Squires
28:02 Long Swordsman
33:06 Husbandry
34:32 Town Watch
36:59 Scale Barding Armor
Connection lost

Rejoining the realm…

Still unreachable

The connection could not be restored.

Session expired

The server has moved on; the page needs a fresh start.